 Dungeon Crawl Stone Soup version 0.26-a0-1021-gda264ca44c (webtiles) character file.

Game seed: 10825756008318472643

235 sokol815 the Skirmisher (level 6, -1/46 HPs)
             Began as an Octopode Fighter on Dec 9, 2020.
             Killed by nerve-wracking pain
             ... invoked by an orc priest
              (12 damage)
             ... on level 4 of the Dungeon.
             The game lasted 00:05:43 (3053 turns).

sokol815 the Skirmisher (Octopode Fighter)          Turns: 3053, Time: 00:05:44

Health: -1/46      AC:  1    Str: 16    XL:     6   Next: 6%
Magic:  6/6        EV: 12    Int: 10    God:
Gold:   288        SH:  9    Dex: 13    Spells: 5/5 levels left

rFire    + . .     SeeInvis .   a - +1 short sword (vamp)
rCold    . . .     Faith    .   b - +0 kite shield
rNeg     . . .     Spirit   .   (helmet restricted)
rPois    .         Reflect  .   (no amulet)
rElec    .         Harm     .   s - ring of protection from fire
rCorr    .         Rampage  .   (no ring)
Will     .....                  (no ring)
Stlth    +++.......             (no ring)
HPRegen  0.15/turn              (no ring)
MPRegen  0.10/turn              (no ring)
                                (no ring)
                                (no ring)

@: no status effects
A: almost no armour, stealthy swim, amphibious, 8 rings, constrict 8, camouflage
1, gelatinous body 1
a: no special abilities


You were on level 4 of the Dungeon.
You visited 1 branch of the dungeon, and saw 4 of its levels.

You collected 288 gold pieces.

Inventory:

Hand Weapons
 a - a +1 vampiric short sword (weapon)
 j - a +0 long sword
 n - a +0 hunting sling
 p - a +0 trident
Missiles
 e - 100 stones (quivered)
 k - 59 bolts
 t - 3 silver boomerangs
 u - 4 boomerangs
 v - 2 atropa-tipped darts
Armour
 b - a +0 kite shield (worn)
Jewellery
 s - a ring of protection from fire (left tentacle)
Scrolls
 d - 5 scrolls of identify {unknown}
 f - 2 scrolls of teleportation {unknown}
 g - 3 scrolls of blinking {unknown}
 l - a scroll of fear {unknown}
 r - 2 scrolls of magic mapping {unknown}
Potions
 c - a potion of might
 h - a potion of ambrosia {unknown}
 i - a potion of heal wounds {unknown}
 m - a potion of degeneration {unknown}
 o - a potion of resistance
 w - a potion of brilliance {unknown}


   Skills:
 + Level 5.8 Fighting
 - Level 2.0 Long Blades
 - Level 3.0 Dodging
 - Level 4.0 Stealth
 - Level 3.0 Shields


You had 5 spell levels left.
You didn't know any spells.
Your spell library was empty.

Dungeon Overview and Level Annotations

Branches:
Dungeon (4/15)
 Temple: D:4-7

Altars:
Ashenzari
Sif Muna
Uskayaw


Innate Abilities, Weirdness & Mutations

You cannot wear most types of armour.
You are very stealthy in the water. (Stealth+)
You are amphibious.
You can wear up to eight rings at the same time.
You can use your tentacles to constrict eight enemies at once.
Your skin changes colour to match your surroundings (Stealth+).
Your rubbery body absorbs attacks. (AC +1, EV +1)


Message History

You closely miss the orc priest. You grab the orc priest.
The orc priest is moderately wounded.
You constrict the orc priest, but do no damage.
The orc priest calls down the wrath of Beogh upon you.
Pain shoots through your body!
* * * LOW HITPOINT WARNING * * *
You block the giant cockroach's attack. The orc priest misses you.
You hit the orc priest.
You feel better.
The orc priest is moderately wounded.
You constrict the orc priest, but do no damage.
The giant cockroach misses you. The giant cockroach bites you.
* * * LOW HITPOINT WARNING * * *
The orc priest misses you.
You closely miss the giant cockroach. Your grab misses the giant cockroach.
You squeeze the giant cockroach.
You kill the giant cockroach!
You constrict the orc priest, but do no damage.
The orc priest mumbles some strange prayers to Beogh against you.
Pain shoots through your body!
You die...

.........# #
#.##.......#..
##.##...<......
##########..#.......o...
.......#.............#
.........# #...B....#.
.........# #..........#
........#####..)###!####
.......##.....!)@o..#
.......##...........#
.......##..........##
###.......)........[.
###.†...............
#####..>............
###...####.....# #...#
.....# #...###...


You could see an orc priest.

Vanquished Creatures
  An orc priest (D:4)
  A worker ant (D:3)
  Terence (D:2)
  Robin (D:2)
  3 adders
  3 worms
  3 dart slugs
  2 leopard geckos
  9 orcs
  2 giant cockroaches
  11 hobgoblins
  11 jackals
  A quokka (D:3)
  10 bats
  6 frilled lizards
  20 goblins
  4 kobolds
  10 rats
99 creatures vanquished.

Notes
Turn   | Place    | Note
-------+----------+-------------------------------------------
     0 | D:1      | sokol815 the Octopode Fighter began the quest for the Orb.
     0 | D:1      | Reached XP level 1. HP: 16/16 MP: 1/1
    65 | D:1      | Reached XP level 2. HP: 5/21 MP: 2/2
   610 | D:1      | Reached skill level 4 in Fighting
   735 | D:1      | Reached XP level 3. HP: 24/27 MP: 3/3
  1012 | D:1      | Reached skill level 1 in Stealth
  1385 | D:2      | Reached XP level 4. HP: 32/34 MP: 4/4
  1442 | D:2      | Noticed Robin
  1461 | D:2      | Killed Robin
  1556 | D:2      | Noticed Terence
  1885 | D:2      | Killed Terence
  1886 | D:2      | Reached XP level 5. HP: 35/38 MP: 5/5
  1931 | D:2      | Found a hide-covered altar of Uskayaw.
  2222 | D:3      | Found a shimmering blue altar of Sif Muna.
  2223 | D:3      | Found a broken altar of Ashenzari.
  2344 | D:3      | Reached skill level 5 in Fighting
  3047 | D:4      | Reached XP level 6. HP: 7/46 MP: 6/6
  3053 | D:4      | Killed from afar by an orc priest

Illustrated notes

Levels and vault maps discovered:
D:1:      dpeg_arrival_renting, layout_loops_ring, feat_on_display
D:2:      layout_basic, nicolae_overflow_crystal_walls, st_stairs_10,
          hangedman_decor_peaks_small, uniq_terence, uniq_robin
D:3:      layout_loops_cross, chequers_temple_overflow_statue_of_worship
D:4:      layout_rooms

Skill      XL: |  1  2  3  4  5 |
---------------+----------------+-----
Fighting       | 4 5 |  5.8
Stealth        | 2 4 |  4.0
Long Blades    | |  2.0
Dodging        | |  3.0
Shields        | |  3.0

Action                   |  1- 3 |  4- 6 || total
-------------------------+-------+-------++-------
Melee: Long sword        |    40 |       ||    40
       Constrict         |    25 |    29 ||    54
       Tentacles         |    17 |    25 ||    42
       Short sword       |    35 |   104 ||   139
Throw: Stone             |     1 |       ||     1
  Use: Potion            |       |     2 ||     2
 Stab: Sleeping          |     2 |     9 ||    11
       Distracted        |       |     1 ||     1
Armor: Skin              |     8 |     6 ||    14
Dodge: Dodged            |    39 |    47 ||    86
Block: Kite shield       |    36 |    45 ||    81
       Rpst.: Long sword |     8 |       ||     8

Table legend: (Time is in decaauts)
 A = Elapsed time spent in this place.
 B = Non-inter-level travel time spent in this place.
 C = Inter-level travel time spent in this place.
 D = Time resting spent in this place.
 E = Time spent auto-exploring this place.
 F = Levels seen in this place.
 G = Mean time per level.
                   A        B        C        D        E       F      G
               +--------+--------+--------+--------+--------+-----+--------+
         Total |   3085 |   2975 |    110 |    574 |   1770 |   4 |  771.2 |
       Dungeon |   3085 |   2975 |    110 |    574 |   1770 |   4 |  771.2 |
               +--------+--------+--------+--------+--------+-----+--------+

Top non-repeatable levels by time:
     D:1: 1111 daAuts
     D:3: 977 daAuts
     D:2: 910 daAuts
     D:4: 86 daAuts
